 Dungeon Crawl Stone Soup version 0.18.1-50-g88ac8fd (webtiles) character file.

681 atgrul the Conjurer (level 7, -2/46 HPs)
             Began as a High Elf Conjurer on Sept 17, 2016.
             Slain by Edmund
             ... wielding a +3 flail of protection
              (8 damage)
             ... on level 4 of the Dungeon.
             The game lasted 00:18:03 (4858 turns).

atgrul the Conjurer (High Elf Conjurer)             Turns: 4858, Time: 00:18:04

Health: -2/46      AC:  2    Str:  7    XL:     7   Next: 34%
Magic:  12/16      EV: 14    Int: 21    God:
Gold:   251        SH:  0    Dex: 16    Spells: 2 memorised, 12 levels left

rFire  . . .     SeeInvis .     g - +1 club
rCold  . . .     Gourm    .     a - +0 robe
rNeg   . . .     Faith    .     (no shield)
rPois  .         Spirit   .     (no helmet)
rElec  .         Dismiss  .     (no cloak)
rCorr  .         Reflect  .     (no gloves)
SustAt +         Harm     .     (no boots)
MR     .....                    (no amulet)
Stlth  ++........               (no ring)
                                w - ring of sustain attributes

@: invisible, not resistant to hostile enchantments, unstealthy
A: no striking features
a: no special abilities


You were on level 4 of the Dungeon.
You were not hungry.

You visited 1 branch of the dungeon, and saw 5 of its levels.

You collected 251 gold pieces.

Inventory:

Hand Weapons
 g - a +1 club (weapon)
 B - a -1 dagger
Armour
 a - a +0 robe (worn)
 v - a +2 shield
Jewellery
 w - a ring of sustain attributes (left hand)
Scrolls
 d - 3 scrolls of remove curse
 e - a scroll of recharging {unknown}
 h - a scroll of random uselessness {unknown}
 l - 2 scrolls of enchant armour
 m - 2 scrolls of amnesia
 p - a scroll of teleportation {unknown}
 q - a scroll of noise {unknown}
 u - a scroll of enchant weapon
 y - a scroll of blinking {unknown}
 C - a scroll of magic mapping
Potions
 f - a potion of heal wounds {unknown}
 k - a potion of ambrosia {unknown}
 o - a potion of cancellation {unknown}
 r - a potion of lignification {unknown}
 s - a potion of invisibility
 x - 3 potions of cure mutation {unknown}
 z - a potion of agility {unknown}
 A - a potion of might {unknown}
Books
 b - a book of Conjurations

   Spells                             Type                      Level
   a - Magic Dart                     Conjuration                  1
   b - Searing Ray                    Conjuration                  2
   c - Dazzling Spray                 Conjuration/Hexes            3
   d - Fulminant Prism                Conjuration/Hexes            4
   e - Iskenderun's Mystic Blast      Conjuration                  4
   f - Iskenderun's Battlesphere      Conjuration/Charms           5
Comestibles
 c - 3 bread rations
 i - a chunk of flesh
 j - a royal jelly
 n - 4 fruits
 t - a beef jerky


   Skills:
 * Level 3.2 Fighting
 + Level 3.7 Dodging
 - Level 2.1 Stealth
 + Level 5.6 Spellcasting
 + Level 6.8 Conjurations


You had 12 spell levels left.
You knew the following spells:

 Your Spells              Type           Power        Failure   Level  Hunger
a - Magic Dart            Conj           ####         1%          1    None
b - Iskenderun's Mystic   Conj           ####....     8%          4    ####...


Dungeon Overview and Level Annotations

Branches:
Dungeon (5/15)
 Temple: D:4-7

Altars:
Gozag
Pakellas
The Shining One

Annotations:
D:4 Edmund


Message History

Edmund hits you with a flail of protection!
As you read the scroll labeled HENIWA ZIBRYNK, it crumbles to dust.
It is a scroll of amnesia.
Forget which spell ([?*] list [ESC] exit)?
Forget which spell ([?*] list [ESC] exit)?
Okay, then.
Edmund hits you with a flail of protection!
As you read the scroll labeled NOKAEV TUIMU, it crumbles to dust.
It is a scroll of enchant weapon.
Enchant which weapon? (? for menu, Esc to quit)
Your +0 club glows red for a moment.
Edmund hits you with a flail of protection!
* * * LOW HITPOINT WARNING * * *
As you read the scroll labeled GUUNIPIUSY, it crumbles to dust.
You feel aware of your surroundings.
You sensed 1 altar.
It was a scroll of magic mapping.
You fade into invisibility!
Edmund says, "People will remember me!
They'll remember me and die!"
Edmund hits you with a flail of protection!
You die...

.......##.#.###......#...####...#
......###.#.# #......†...........
......###.#.# #.....>##.#####....
......'...#.###................##
......#####.##...........#.....'.
......# #.##..####.....#.....#.
......# #.##..##.......#.....#.
......# #.##.......#'###.#####.
......# #.##..@#.#...)...# #.
####### #.....@#.#.).####### #.
#..##..#.#.........###.
#......#[#..#####......
##....#<....#####..####
#######.#.........# #.#....###.##
#.#)##.# #.# #.#.##.# #.#


You could see Edmund.

Vanquished Creatures
  2 ogres (D:4)
  A centaur (D:5)
  A howler monkey (D:4)
  A hound (D:4)
  2 orc wizards
  4 worker ants
  A hound skeleton (D:4)
  9 adders
  A gnoll (D:1)
  A worm (D:3)
  4 dart slugs
  2 giant geckos (D:4)
  9 orcs
  3 giant cockroaches
  9 goblins
  16 hobgoblins
  6 jackals
  A quokka (D:3)
  A ball python (D:2)
  5 bats
  6 giant newts
  14 kobolds
  7 rats
106 creatures vanquished.

Vanquished Creatures (others)
  An ice dragon (D:3)
1 creature vanquished.

Grand Total: 107 creatures vanquished

Notes
Turn   | Place    | Note
--------------------------------------------------------------
     0 | D:1      | atgrul the High Elf Conjurer began the quest for the Orb.
     0 | D:1      | Reached XP level 1. HP: 11/11 MP: 4/4
   122 | D:1      | Reached XP level 2. HP: 11/17 MP: 0/6
   248 | D:1      | Reached skill level 5 in Conjurations
   405 | D:1      | Reached XP level 3. HP: 22/22 MP: 2/7
   882 | D:2      | Reached skill level 1 in Fighting
  1315 | D:2      | Found a glowing golden altar of the Shining One.
  1359 | D:2      | Reached XP level 4. HP: 28/28 MP: 6/9
  2230 | D:3      | Reached XP level 5. HP: 33/33 MP: 3/11
  2532 | D:3      | Found an oddly glowing altar of Pakellas.
  2532 | D:3      | Noticed an ice dragon
  2547 | D:3      | Killed an ice dragon
  2956 | D:3      | Learned a level 4 spell: Iskenderun's Mystic Blast
  2957 | D:4      | Noticed Edmund
  3036 | D:4      | Reached skill level 6 in Conjurations
  3309 | D:4      | Reached XP level 6. HP: 27/39 MP: 6/14
  3563 | D:4      | Reached skill level 5 in Spellcasting
  4187 | D:4      | Reached XP level 7. HP: 39/45 MP: 8/16
  4329 | D:5      | Entered Level 5 of the Dungeon
  4366 | D:5      | Found an opulent altar of Gozag.
  4858 | D:4      | Slain by Edmund

Skill      XL: |  1  2  3  4  5  6  7 |
---------------+----------------------+-----
Conjurations   | 5 6 |  6.8
Fighting       | 1 2 3 |  3.2
Spellcasting   | 3 4 5 |  5.6
Dodging        | 3 |  3.7
Stealth        | |  2.1

Action                   |  1- 3 |  4- 6 |  7- 9 || total
-------------------------+-------+-------+-------++-------
Melee: Club              |    20 |    18 |       ||    38
 Cast: Magic Dart        |    72 |   163 |    36 ||   271
       Iskenderun's Myst |       |       |     1 ||     1
  Use: Scroll            |       |     5 |     3 ||     8
       Potion            |       |       |     2 ||     2
 Stab: Sleeping          |     1 |       |       ||     1
  Eat: Chunk             |     1 |     8 |     2 ||    11
       Fruit             |       |     1 |       ||     1
Armor: Robe              |     5 |       |     2 ||     7
Dodge: Dodged            |    21 |    34 |     9 ||    64
Block: Shield            |       |     1 |       ||     1
